 Dungeon Crawl Stone Soup version 0.29-a0-271-gd4eb659eea (webtiles) character file.

Game seed: 11060443640206178775

63 Hasart the Shooter (level 3, 0/29 HPs)
             Began as a Demigod Hunter on Mar 9, 2022.
             Slain by a black bear (6 damage)
             ... on level 6 of the Dungeon.
             The game lasted 00:02:58 (2539 turns).

Hasart the Shooter (Demigod Hunter)                 Turns: 2539, Time: 00:02:59

Health: 0/29       AC:  3    Str: 13    XL:     3   Next: 61%
Magic:  5/5        EV: 12    Int: 13    God:
Gold:   136        SH:  0    Dex: 18    Spells: 2/2 levels left

rFire   . . .      SeeInvis .   a - +1 shortbow
rCold   . . .      Faith    .   (shield currently unavailable)
rNeg    . . .      Spirit   .   b - +0 leather armour
rPois   .          Reflect  .   (no helmet)
rElec   .          Harm     .   (no cloak)
rCorr   .          Rampage  .   (no gloves)
Will    .....                   (no boots)
Stlth   ++........              (no amulet)
HPRegen 0.09/turn               (no ring)
MPRegen 0.09/turn               (no ring)

@: no status effects
A: high MP 1, forlorn, divine attributes
a: no special abilities


You were on level 6 of the Dungeon.
You visited 1 branch of the dungeon, and saw 4 of its levels.

You collected 136 gold pieces.

Inventory:

Hand Weapons
 a - a +1 shortbow (weapon)
Armour
 b - a +0 leather armour (worn)
Jewellery
 i - an amulet of reflection
Scrolls
 c - a scroll of immolation
 d - 8 scrolls of identify {unknown}
 h - 2 scrolls of teleportation {unknown}
 j - a scroll of fog {unknown}
 k - a scroll of brand weapon {unknown}
 o - a scroll of enchant weapon {unknown}
 p - a scroll of magic mapping {unknown}
Potions
 e - 2 potions of might {unknown}
 f - a potion of heal wounds {unknown}
 g - a potion of lignification {unknown}
 l - 2 potions of mutation {unknown}
 m - 2 potions of flight {unknown}
 n - a potion of curing {unknown}
 q - 2 potions of resistance {unknown}


   Skills:
 + Level 2.3 Fighting
 * Level 4.2 Bows
 + Level 2.2 Dodging
 + Level 1.7 Stealth


You had 2 spell levels left.
You didn't know any spells.
Your spell library contained the following spells:

 Spells                   Type           Power      Damage    Failure   Level
 Animate Skeleton         Necr           0%         N/A       36%         1
 Pain                     Necr           0%         1d4       36%         1
 Sandblast                Erth           0%         2d4       36%         1
 Passwall                 Tmut/Erth      0%         N/A       52%         2
 Stone Arrow              Conj/Erth      0%         3d7       75%         3
 Vampiric Draining        Necr           0%         2d6       75%         3


Dungeon Overview and Level Annotations

Branches:
Dungeon (3/15)


Innate Abilities, Weirdness & Mutations

You have an increased reservoir of magic. (+10% MP)
You shall have no god before yourself.
Your divine heritage dramatically boosts your attributes as you level up.


Message History

You shoot an arrow. The arrow hits the black bear.
The black bear is moderately wounded.
The black bear bites you. The black bear claws you. x2
You shoot an arrow.
The arrow hits the black bear but does no damage.
The black bear is moderately wounded.
The black bear bites you but does no damage.
The black bear claws you but does no damage.
The black bear barely misses you. The black bear closely misses you.
The black bear claws you but does no damage.
The black bear claws you.
Shoot: a) +1 shortbow
Press: ? - help, Q - select action Shift-Dir - straight line, f/p - black bear
Aim: a black bear (moderately wounded, 72% to hit)
You shoot an arrow. The arrow hits the black bear.
The black bear is moderately wounded.
The black bear barely misses you. The black bear claws you.
The black bear claws you but does no damage.
Unknown command.
Shoot: a) +1 shortbow
Press: ? - help, Q - select action Shift-Dir - straight line, f/p - black bear
Aim: a black bear (moderately wounded, 72% to hit)
You shoot an arrow.
The arrow hits the black bear but does no damage.
The black bear is moderately wounded.
The black bear bites you. The black bear claws you.
* * * LOW HITPOINT WARNING * * *
The black bear claws you.
* * * LOW HITPOINT WARNING * * *
Unknown command.
Shoot: a) +1 shortbow
Press: ? - help, Q - select action Shift-Dir - straight line, f/p - black bear
Aim: a black bear (moderately wounded, 72% to hit)
You shoot an arrow. The arrow barely misses the black bear.
The black bear barely misses you.
The black bear claws you but does no damage.
The black bear claws you.
* * * LOW HITPOINT WARNING * * *
The black bear bites you.
You die...

.... #..
.... #..
..... #..
..... #..
.<....##..#
......#...#
...<..h..#
.......@#
..$.....#
..###....
#...#..
#..# ..#
..# ..# #..
.## ..# .)


You could see a black bear.

Vanquished Creatures
  2 adders (D:2)
  2 dart slugs
  5 ball pythons
  3 bats (D:1)
  3 endoplasms
  5 giant cockroaches
  3 goblins
  3 quokkas
  A frilled lizard (D:1)
  4 kobolds
  8 rats
39 creatures vanquished.

Vanquished Creatures (others)
  3 plants (D:1)
3 creatures vanquished.

Grand Total: 42 creatures vanquished

Notes
Turn   | Place    | Note
-------+----------+-------------------------------------------
     0 | D:1      | Hasart the Demigod Hunter began the quest for the Orb.
     0 | D:1      | Reached XP level 1. HP: 17/17 MP: 3/3
    32 | D:1      | Reached skill level 1 in Stealth
   275 | D:1      | Reached XP level 2. HP: 24/24 MP: 4/4
   588 | D:1      | Reached skill level 4 in Bows
  1452 | D:2      | Reached XP level 3. HP: 29/29 MP: 5/5
  2530 | D:3      | You fall into a shaft and drop 3 floors!
  2530 | D:6      | Noticed a black bear
  2539 | D:6      | Slain by a black bear

Illustrated notes

Levels and vault maps discovered:
D:1:      wheals_arrival_linesprint, layout_loops_ring, basic_ecumenical_altar,
          serial_forest, infiniplex_forest_clump_long,
          infiniplex_forest_straight_3, infiniplex_forest_lined_room_,
          infiniplex_forest_lined_corner, infiniplex_forest_straight_3,
          infiniplex_forest_straight_3
D:2:      layout_basic
D:3:      layout_basic, mainiacjoe_overflow_24_doors, zin_scriptorium,
          minmay_rat_hole
D:6:      layout_layer_cave, general_overflow_altar, lexackson_kobold_supper

Skill      XL: |  1  2 |
---------------+-------+-----
Stealth        | 1 |  1.7
Dodging        | 2 |  2.2
Fighting       | 2 |  2.3
Bows           | 4 |  4.2

Action                   || total
-------------------------++-------
 Fire: Shortbow          ||   111
Armor: Leather armour    ||    10
Dodge: Dodged            ||    21

Table legend: (Time is in decaauts)
 A = Elapsed time spent in this place.
 B = Non-inter-level travel time spent in this place.
 C = Inter-level travel time spent in this place.
 D = Time resting spent in this place.
 E = Time spent auto-exploring this place.
 F = Levels seen in this place.
 G = Mean time per level.
                   A        B        C        D        E       F      G
               +--------+--------+--------+--------+--------+-----+--------+
         Total |   2577 |   2452 |    125 |      6 |   2198 |   4 |  644.2 |
       Dungeon |   2577 |   2452 |    125 |      6 |   2198 |   4 |  644.2 |
               +--------+--------+--------+--------+--------+-----+--------+

Top non-repeatable levels by time:
     D:1: 1319 daAuts
     D:2: 905 daAuts
     D:3: 340 daAuts
     D:6: 11 daAuts
